 Dungeon Crawl Stone Soup version 0.23.0 (webtiles) character file.

Game seed: 15304831926863571455

967 Banto the Spear-Bearer (level 7, -2/50 HPs)
             Began as a Demonspawn Gladiator on Feb 15, 2019.
             Slain by an ogre
             ... wielding a +0 giant club
              (25 damage)
             ... on level 5 of the Dungeon.
             The game lasted 00:05:38 (4013 turns).

Banto the Spear-Bearer (Demonspawn Gladiator)       Turns: 4013, Time: 00:05:38

Health: -2/50      AC: 12    Str: 15    XL:     7   Next: 93%
Magic:  7/7        EV: 13    Int: 10    God:
Gold:   225        SH:  0    Dex: 15    Spells: 6/6 levels left

rFire    . . .     SeeInvis .   a - +0 trident
rCold    . . .     Gourm    .   (no shield)
rNeg     . . .     Faith    .   t - +1 robe "Ebusoaw" {Regen+ Stlth+}
rPois    .         Spirit   .   c - +0 helmet
rElec    .         Reflect  .   (no cloak)
rCorr    .         Harm     .   (no gloves)
MR       .....                  i - -2 pair of boots
Stlth    +.........             (no amulet)
HPRegen  0.56/turn              r - ring of attention (curse)
MPRegen  0.10/turn              (no ring)

@: sanguine armour
A: claws 1, sanguine armour 2
a: no special abilities


You were on level 5 of the Dungeon.
You were not hungry.

You visited 1 branch of the dungeon, and saw 5 of its levels.

You collected 225 gold pieces.

Inventory:

Hand Weapons
 a - a +0 trident (weapon)
 m - a +2 short sword of draining
Missiles
 d - 2 throwing nets (quivered)
Armour
 b - a +0 leather armour
 c - a +0 helmet (worn)
 i - a -2 pair of boots (worn)
 t - the +1 robe "Ebusoaw" (worn) {Regen+ Stlth+}
   (You found it on level 4 of the Dungeon)

   It increases your rate of regeneration.
   It makes you more stealthy.
Jewellery
 r - a cursed ring of attention (left claw)
Scrolls
 g - a scroll of remove curse
 k - 2 scrolls of enchant armour
 l - 2 scrolls of teleportation
 n - a scroll of fear
 o - a scroll of immolation
 q - a scroll of amnesia {unknown}
 s - 2 scrolls of magic mapping
Potions
 e - a potion of lignification
 j - 3 potions of heal wounds
 p - a potion of might
Comestibles
 f - 12 rations
 h - 6 chunks of flesh


   Skills:
 - Level 2.0 Fighting
 + Level 8.9 Polearms
 - Level 1.7 Throwing
 - Level 2.6 Dodging


You had 6 spell levels left.
You didn't know any spells.
Your spell library was empty.

Dungeon Overview and Level Annotations

Branches:
Dungeon (5/15)
 Temple: D:4-7

Altars:

Shops:
D:4 [


Innate Abilities, Weirdness & Mutations

You have sharp fingernails.
When seriously injured, your bleeding wounds create thick armour. (AC +9)


Message History

The ogre closely misses you.
You barely miss the ogre.
The ogre is moderately wounded.
The ogre hits you with a +0 giant club!
Your blood congeals into armour.
You are too injured to fight recklessly!
You are too injured to fight recklessly!
You see here an orange potion.
Attack whom?
Press: ? - help, Dir - move target cursor, f/p - ogre
Aim: an ogre, wielding a +0 giant club (moderately wounded)
You reach to attack!
You hit the ogre.
The ogre is moderately wounded.
Attack whom?
Press: ? - help, Dir - move target cursor, f/p - ogre
Aim: an ogre, wielding a +0 giant club (moderately wounded)
You puncture the ogre!
The ogre is heavily wounded.
The ogre hits you with a +0 giant club!!
Ouch! That really hurt!
You die...

####.#.#....####
#.....#.##.....
#.###.....#.##.#### #
#...........##.# .#
#####.....#.##.# #.
#.....#.##.# #.
###.#.#.##.# #.
#.########.#.#.##.#
##...#..!O@.....#.#.##.#
........#########.#
...............
.........######
##...#...# #...##### ###


You could see an ogre.

Vanquished Creatures
  Grinder (D:4)
  A sky beast (D:4)
  3 ogres
  A hound (D:4)
  A centaur skeleton (D:4)
  Natasha (thrice) (D:2)
  An iguana (D:3)
  4 worker ants
  11 adders
  An ooze (D:2)
  A worm (D:2)
  4 dart slugs
  5 leopard geckos
  2 orcs
  7 bats
  4 giant cockroaches
  4 goblins
  6 hobgoblins
  4 jackals (D:4)
  2 frilled lizards
  A jackal skeleton (D:4)
  7 kobolds
  A quokka skeleton (D:4)
  6 rats
81 creatures vanquished.

Notes
Turn   | Place    | Note
-------+----------+-------------------------------------------
     0 | D:1      | Banto the Demonspawn Gladiator began the quest for the Orb.
     0 | D:1      | Reached XP level 1. HP: 16/16 MP: 1/1
    23 | D:1      | Reached skill level 3 in Polearms
    73 | D:1      | Gained mutation: You have sharp fingernails. [demonic
                  | ancestry]
    73 | D:1      | Reached XP level 2. HP: 19/22 MP: 2/2
   547 | D:1      | Gained mutation: When seriously injured, your bleeding
                  | wounds create armour. (AC +9) [demonic ancestry]
   547 | D:1      | Reached XP level 3. HP: 27/27 MP: 3/3
   659 | D:2      | Reached skill level 4 in Polearms
   710 | D:2      | Noticed Natasha
   731 | D:2      | Killed Natasha
   731 | D:2      | Reached XP level 4. HP: 7/33 MP: 4/4
  1132 | D:2      | Noticed Natasha
  1142 | D:2      | Killed Natasha
  1156 | D:2      | Reached skill level 5 in Polearms
  1572 | D:2      | Noticed Natasha
  1584 | D:2      | Killed Natasha
  1584 | D:2      | Gained mutation: When seriously injured, your bleeding
                  | wounds create thick armour. (AC +9) [demonic ancestry]
  1584 | D:2      | Reached XP level 5. HP: 25/38 MP: 5/5
  2750 | D:4      | Reached skill level 6 in Polearms
  2772 | D:4      | Got a crude robe
  2785 | D:4      | Found Cytaifask's Antique Armour Emporium.
  2819 | D:4      | Reached XP level 6. HP: 24/44 MP: 6/6
  2984 | D:4      | Identified the +1 robe "Ebusoaw" {Regen+ Stlth+} (You found
                  | it on level 4 of the Dungeon)
  3192 | D:4      | Noticed Grinder
  3217 | D:4      | Killed Grinder
  3217 | D:4      | Reached skill level 7 in Polearms
  3217 | D:4      | Reached XP level 7. HP: 17/50 MP: 7/7
  3358 | D:4      | Reached skill level 8 in Polearms
  3878 | D:5      | Entered Level 5 of the Dungeon
  4013 | D:5      | Slain by an ogre

Skill      XL: |  1  2  3  4  5  6  7 |
---------------+----------------------+-----
Polearms       | 3 4 5 6 7 8 |  8.9
Fighting       | |  2.0
Throwing       | |  1.7
Dodging        | |  2.6

Action                   |  1- 3 |  4- 6 |  7- 9 || total
-------------------------+-------+-------+-------++-------
Melee: Trident           |    91 |   200 |    95 ||   386
Throw: Throwing net      |     3 |       |       ||     3
  Use: Scroll            |       |    12 |       ||    12
       Potion            |       |     1 |       ||     1
 Stab: Sleeping          |     1 |     8 |     1 ||    10
       Distracted        |       |       |     1 ||     1
  Eat: Chunk             |       |     8 |     2 ||    10
Armor: Leather armour    |    24 |    27 |       ||    51
       Skin              |       |     7 |       ||     7
       Robe              |       |     4 |    14 ||    18
Dodge: Dodged            |    54 |    88 |    42 ||   184
